SA
MANCELONA TORCH @ NIAGARA FALLS EXPOS
08/09/2041
 
TOP OF THE 1ST
Mancelona Torch batting - Pitching for Niagara Falls Expos : RHP Sergio Castro
Pitching: RHP Sergio Castro
Batting: RHB Joe Havermeyer 0-0: Ground out 6-3 (Groundball, 6, EV 86.2 MPH)
Batting: RHB Ramiro Castillo 0-0: Ball
1-0: Fly out, F7 (Flyball, 7, EV 89.4 MPH)
Batting: LHB Diego Alejandro Ureña 0-0: Fly out, F7 (Flyball, 7LM, EV 89.4 MPH)
Top of the 1st over - 0 runs, 0 hits, 0 errors, 0 left on base; Mancelona 0 - Niagara Falls 0
BOTTOM OF THE 1ST
Niagara Falls Expos batting - Pitching for Mancelona Torch : RHP Mark Smith
Pitching: RHP Mark Smith
Batting: RHB Jorge Núñez 0-0: Called Strike
0-1: Ball
1-1: Foul Ball, location: 2F
1-2: Ball
2-2: Strikes out looking
Batting: LHB Conrad Overdevest 0-0: Swinging Strike
0-1: Foul Ball, location: 2F
0-2: Ball
1-2: Ball
2-2: Strikes out looking
Batting: LHB Alex Joly 0-0: Ball
1-0: Foul Ball, location: 2F
1-1: Ball
2-1: Ball
3-1: Foul Ball, location: 2F
3-2: Ground out U3 (Groundball, 3L, EV 84.4 MPH)
Bottom of the 1st over - 0 runs, 0 hits, 0 errors, 0 left on base; Mancelona 0 - Niagara Falls 0
TOP OF THE 2ND
Mancelona Torch batting - Pitching for Niagara Falls Expos : RHP Sergio Castro
Batting: RHB Bill Wells 0-0: Called Strike
0-1: Fly out, F8 (Flyball, 8LD, EV 79.4 MPH)
Batting: SHB Alan Campbell 0-0: Ball
1-0: Fly out, F9 (Flyball, 9, EV 88.8 MPH)
Batting: LHB Qi-zhen Shen 0-0: Called Strike
0-1: Ball
1-1: Foul Ball, location: 2F
1-2: Foul Ball, location: 2F
1-2: Ground out 6-3 (Groundball, 4, EV 100.6 MPH)
Top of the 2nd over - 0 runs, 0 hits, 0 errors, 0 left on base; Mancelona 0 - Niagara Falls 0
BOTTOM OF THE 2ND
Niagara Falls Expos batting - Pitching for Mancelona Torch : RHP Mark Smith
Batting: RHB Nick O'Quigley 0-0: Ball
1-0: Called Strike
1-1: Ball
2-1: Fly out, F2 (Popup, 3SF, EV 85.0 MPH)
Batting: RHB Archie Pittman 0-0: Ball
1-0: Ball
2-0: Ground out 3-1 (Groundball, 34, EV 103.1 MPH)
Batting: RHB Pablo Wolz 0-0: Ball
1-0: Called Strike
1-1: Called Strike
1-2: Ground out U3 (Groundball, 3, EV 88.8 MPH)
Bottom of the 2nd over - 0 runs, 0 hits, 0 errors, 0 left on base; Mancelona 0 - Niagara Falls 0
TOP OF THE 3RD
Mancelona Torch batting - Pitching for Niagara Falls Expos : RHP Sergio Castro
Batting: RHB Paul Sykes 0-0: Ball
1-0: Called Strike
1-1: Swinging Strike
1-2: Foul Ball, location: 2F
1-2: Ball
2-2: Foul Ball, location: 2F
2-2: Strikes out swinging
Batting: RHB Glen Stockhill 0-0: Swinging Strike
0-1: Swinging Strike
0-2: Strikes out looking
Batting: RHB Francisco Rocha 0-0: Ball
1-0: Swinging Strike
1-1: Ball
2-1: Ground out 6-3 (Groundball, 6, EV 82.5 MPH)
Top of the 3rd over - 0 runs, 0 hits, 0 errors, 0 left on base; Mancelona 0 - Niagara Falls 0
BOTTOM OF THE 3RD
Niagara Falls Expos batting - Pitching for Mancelona Torch : RHP Mark Smith
Batting: LHB Eugene Walker 0-0: Ball
1-0: Ball
2-0: Ball
3-0: Base on Balls
Batting: RHB Edwin Hastings 0-0: Swinging Strike
0-1: Sac Bunt to 15S - play at first, batter OUT! 1-3
Eugene Walker to second
Batting: RHB Jim O'Neal 0-0: Ground out 1-3 (Groundball, 15S, EV 68.1 MPH)
Batting: RHB Jorge Núñez 0-0: Ball
1-0: Foul Ball, location: 2F
1-1: Fly out, F4 (Popup, 4M, EV 65.6 MPH)
Bottom of the 3rd over - 0 runs, 0 hits, 0 errors, 1 left on base; Mancelona 0 - Niagara Falls 0
TOP OF THE 4TH
Mancelona Torch batting - Pitching for Niagara Falls Expos : RHP Sergio Castro
Batting: RHB Joe Havermeyer 0-0: Ball
1-0: Ground out 4-3 (Groundball, 4, EV 91.2 MPH)
Batting: RHB Ramiro Castillo 0-0: Foul Ball, location: 2F
0-1: Called Strike
0-2: Strikes out looking
Batting: LHB Diego Alejandro Ureña 0-0: Swinging Strike
0-1: Ball
1-1: Ball
2-1: Swinging Strike
2-2: Foul Ball, location: 2F
2-2: Ball
3-2: Fly out, F9 (Flyball, 89D, EV 77.5 MPH)
Top of the 4th over - 0 runs, 0 hits, 0 errors, 0 left on base; Mancelona 0 - Niagara Falls 0
BOTTOM OF THE 4TH
Niagara Falls Expos batting - Pitching for Mancelona Torch : RHP Mark Smith
Batting: LHB Conrad Overdevest 0-0: Foul Ball, location: 2F
0-1: Called Strike
0-2: Strikes out swinging
Batting: LHB Alex Joly 0-0: Called Strike
0-1: Called Strike
0-2: Strikes out swinging
Batting: RHB Nick O'Quigley 0-0: Ball
1-0: Called Strike
1-1: Swinging Strike
1-2: Strikes out swinging
Bottom of the 4th over - 0 runs, 0 hits, 0 errors, 0 left on base; Mancelona 0 - Niagara Falls 0
TOP OF THE 5TH
Mancelona Torch batting - Pitching for Niagara Falls Expos : RHP Sergio Castro
Batting: RHB Bill Wells 0-0: Called Strike
0-1: Swinging Strike
0-2: Ball
1-2: Ball
2-2: Ball
3-2: Ground out 4-3 (Groundball, 4, EV 81.9 MPH)
Batting: SHB Alan Campbell 0-0: Fly out, F9 (Line Drive, 9, EV 92.5 MPH)
Batting: LHB Qi-zhen Shen 0-0: Swinging Strike
0-1: Foul Ball, location: 2F
0-2: Ball
1-2: Strikes out swinging
Top of the 5th over - 0 runs, 0 hits, 0 errors, 0 left on base; Mancelona 0 - Niagara Falls 0
BOTTOM OF THE 5TH
Niagara Falls Expos batting - Pitching for Mancelona Torch : RHP Mark Smith
Batting: RHB Archie Pittman 0-0: Called Strike
0-1: Swinging Strike
0-2: Strikes out looking
Batting: RHB Pablo Wolz 0-0: SINGLE (Flyball, 4MD, EV 98.1 MPH)
Batting: LHB Eugene Walker 0-0: Ball
1-0: Called Strike
1-1: Ball
2-1: Ball
3-1: Base on Balls
Pablo Wolz to second
Batting: RHB Edwin Hastings 0-0: SINGLE (Groundball, 6D, EV 99.4 MPH)
Pablo Wolz to third
Eugene Walker to second
Batting: RHB Jim O'Neal 0-0: Ball
1-0: Called Strike
1-1: Ball
2-1: Foul Ball, location: 2F
2-2: DOUBLE (Line Drive, 78D, EV 114.4 MPH)
Pablo Wolz scores
Eugene Walker scores
Edwin Hastings to third
Runner from 3rd tries for Home, SAFE, throw by CF to trailing runner, OUT at third! 8-6-5
Batting: RHB Jorge Núñez 0-0: Ball
1-0: Foul Ball, location: 2F
1-1: Foul Ball, location: 2F
1-2: Foul Ball, location: 2F
1-2: Strikes out swinging
Bottom of the 5th over - 3 runs, 3 hits, 0 errors, 0 left on base; Mancelona 0 - Niagara Falls 3
TOP OF THE 6TH
Mancelona Torch batting - Pitching for Niagara Falls Expos : RHP Sergio Castro
Batting: RHB Paul Sykes 0-0: Fly out, F7 (Flyball, 7, EV 83.1 MPH)
Batting: RHB Glen Stockhill 0-0: Foul Ball, location: 2F
0-1: Ball
1-1: Ground out 1-3 (Groundball, 13S, EV 68.8 MPH)
Batting: RHB Francisco Rocha 0-0: Foul Ball, location: 2F
0-1: Called Strike
0-2: Ball
1-2: Strikes out swinging
Top of the 6th over - 0 runs, 0 hits, 0 errors, 0 left on base; Mancelona 0 - Niagara Falls 3
BOTTOM OF THE 6TH
Niagara Falls Expos batting - Pitching for Mancelona Torch : RHP Mark Smith
Batting: LHB Conrad Overdevest 0-0: Called Strike
0-1: Ball
1-1: SINGLE (Line Drive, 8LS, EV 101.2 MPH)
Batting: LHB Alex Joly 0-0: Ball
1-0: Fielders Choice at 2nd, 1-6 (Groundball, 23, EV 67.5 MPH)
Batting: RHB Nick O'Quigley 0-0: SINGLE (Line Drive, 56, EV 95.0 MPH)
Alex Joly to second
Batting: RHB Archie Pittman 0-0: DOUBLE (Line Drive, 89D, EV 106.9 MPH)
Alex Joly scores
Nick O'Quigley to third
Batting: RHB Pablo Wolz 0-0: Ball
1-0: Called Strike
1-1: Ball
2-1: Ball
3-1: Base on Balls
Batting: LHB Eugene Walker 0-0: Ball
1-0: Ball
2-0: Ball
3-0: Base on Balls
Nick O'Quigley scores
Archie Pittman to third
Pablo Wolz to second
Batting: RHB Edwin Hastings 0-0: Grounds into double play, 6-4-3 (Groundball, 6, EV 82.5 MPH)
Bottom of the 6th over - 2 runs, 3 hits, 0 errors, 2 left on base; Mancelona 0 - Niagara Falls 5
TOP OF THE 7TH
Mancelona Torch batting - Pitching for Niagara Falls Expos : RHP Sergio Castro
Batting: RHB Joe Havermeyer 0-0: SINGLE (Groundball, 56D, EV 105.6 MPH)
Batting: RHB Ramiro Castillo 0-0: Ball
1-0: Ball
2-0: DOUBLE (Line Drive, 7LM, EV 91.2 MPH)
Joe Havermeyer to third
Batting: LHB Diego Alejandro Ureña 0-0: Ball
1-0: Foul Ball, location: 2F
1-1: Fly out, F8 (Flyball, 8RS, EV 85.6 MPH)
Batting: RHB Bill Wells 0-0: Foul Ball, location: 2F
0-1: Ball
1-1: Ball
2-1: Ground out 1-3 (Groundball, 34S, EV 68.1 MPH)
Batting: SHB Alan Campbell 0-0: Ball
1-0: Called Strike
1-1: Ball
2-1: Ball
3-1: Fly out, F8 (Flyball, 8LS, EV 91.2 MPH)
Top of the 7th over - 0 runs, 2 hits, 0 errors, 2 left on base; Mancelona 0 - Niagara Falls 5
BOTTOM OF THE 7TH
Niagara Falls Expos batting - Pitching for Mancelona Torch : RHP Mark Smith
Pitching: LHP Diyaa Ababneh
Batting: RHB Jim O'Neal 0-0: Foul Ball, location: 2F
0-1: Foul Ball, location: 2F
0-2: Ball
1-2: Fly out, F8 (Flyball, 89M, EV 82.5 MPH)
Batting: RHB Jorge Núñez 0-0: Swinging Strike
0-1: Called Strike
0-2: Ball
1-2: Ground out 4-3 (Groundball, 4, EV 105.0 MPH)
Batting: LHB Conrad Overdevest 0-0: Ball
1-0: Ball
2-0: Called Strike
2-1: Called Strike
2-2: Ground out 1-3 (Groundball, 13, EV 61.2 MPH)
Bottom of the 7th over - 0 runs, 0 hits, 0 errors, 0 left on base; Mancelona 0 - Niagara Falls 5
TOP OF THE 8TH
Mancelona Torch batting - Pitching for Niagara Falls Expos : RHP Sergio Castro
Batting: LHB Qi-zhen Shen 0-0: Ball
1-0: Ball
2-0: Foul Ball, location: 2F
2-1: Fly out, F6 (Popup, 6S, EV 51.9 MPH)
Batting: RHB Paul Sykes 0-0: SINGLE (Groundball, 6MD, EV 106.2 MPH)
Batting: RHB Glen Stockhill Balk!
Paul Sykes to second
0-0: Ball
1-0: Swinging Strike
1-1: Ball
2-1: Ball
3-1: Swinging Strike
3-2: Base on Balls
Batting: RHB Francisco Rocha 0-0: Called Strike
0-1: Foul Ball, location: 2F
0-2: Foul Ball, location: 2F
0-2: Strikes out swinging
Batting: RHB Joe Havermeyer 0-0: Ball
1-0: Swinging Strike
1-1: SINGLE (Line Drive, 8RS, EV 90.0 MPH)
Paul Sykes to third
Glen Stockhill to second
Runner from 3rd tries for Home, throw by CF and OUT! 8-2
Top of the 8th over - 0 runs, 2 hits, 0 errors, 2 left on base; Mancelona 0 - Niagara Falls 5
BOTTOM OF THE 8TH
Niagara Falls Expos batting - Pitching for Mancelona Torch : LHP Diyaa Ababneh
Batting: LHB Alex Joly 0-0: Ball
1-0: SINGLE (Groundball, 34D, EV 109.4 MPH)
Batting: RHB Nick O'Quigley 0-0: Called Strike
0-1: Called Strike
0-2: Ball
1-2: Ball
2-2: Foul Ball, location: 2F
2-2: Foul Ball, location: 2F
2-2: Strikes out swinging
Batting: RHB Archie Pittman 0-0: Fly out, F8 (Line Drive, 8LD, EV 95.6 MPH)
Batting: RHB Pablo Wolz 0-0: Ball
1-0: Foul Ball, location: 2F
1-1: Foul Ball, location: 2F
1-2: Fielders Choice at 2nd, 6-4 (Groundball, 6, EV 82.5 MPH)
Bottom of the 8th over - 0 runs, 1 hit, 0 errors, 1 left on base; Mancelona 0 - Niagara Falls 5
TOP OF THE 9TH
Mancelona Torch batting - Pitching for Niagara Falls Expos : RHP Sergio Castro
Batting: RHB Ramiro Castillo 0-0: Ball
1-0: Ball
2-0: Ball
3-0: Called Strike
3-1: Fly out, F9 (Flyball, 89S, EV 88.1 MPH)
Batting: LHB Diego Alejandro Ureña 0-0: SINGLE (Line Drive, 8RS, EV 100.0 MPH)
Batting: RHB Bill Wells 0-0: Swinging Strike
0-1: Ball
1-1: Fly out, F8 (Flyball, 8LXD, EV 93.1 MPH)
Batting: SHB Alan Campbell 0-0: Swinging Strike
0-1: Ball
1-1: Swinging Strike
1-2: Ball
2-2: Ball
3-2: Foul Ball, location: 2F
3-2: Strikes out swinging
Top of the 9th over - 0 runs, 1 hit, 0 errors, 1 left on base; Mancelona 0 - Niagara Falls 5
Tuesday, January 5th, 2021 - OOTP Baseball 20.8 Build 74